 Dungeon Crawl Stone Soup version 0.24.0-29-g8ce449bc06 (webtiles) character file.

Game seed: 2533561402393245749, levelgen mode: deterministic

11 Descartes the Insei (level 2, -1/14 HPs)
             Began as a Vine Stalker Transmuter on Nov 14, 2019.
             Slain by a gnoll
             ... wielding a +0 spear
              (3 damage)
             ... on level 4 of the Dungeon.
             The game lasted 00:01:39 (397 turns).

Descartes the Insei (Vine Stalker Transmuter)        Turns: 397, Time: 00:01:40

Health: -1/14      AC:  2    Str: 12    XL:     2   Next: 29%
Magic:  0/6        EV: 12    Int: 13    God:
Gold:   44         SH:  0    Dex: 14    Spells: 4/5 levels left

rFire    . . .     SeeInvis .     - Unarmed
rCold    . . .     Gourm    .   (no shield)
rNeg     . . .     Faith    .   b - +0 robe
rPois    .         Spirit   +   (no helmet)
rElec    .         Reflect  .   (no cloak)
rCorr    .         Harm     .   (no gloves)
MR       .....                  (boots currently unavailable)
Stlth    +.........             (no amulet)
HPRegen  0.04/turn              (no ring)
MPRegen  0.10/turn              (no ring)

@: appendage
A: fangs 2, talons 3, magic shield, antimagic bite, no potion heal 3, rot
immunity
a: End Transformation


You were on level 4 of the Dungeon.
You were not hungry.
You had grown temporary talons.
You visited 1 branch of the dungeon, and saw 3 of its levels.

You collected 44 gold pieces.

Inventory:

Missiles
 a - 31 arrows
 e - 38 stones (quivered)
 g - 14 sling bullets
 i - 27 bolts
Armour
 b - a +0 robe (worn)
Comestibles
 d - 2 rations
 f - 4 chunks of flesh


   Skills:
 + Level 0.8 Fighting
 + Level 1.7 Dodging
 + Level 3.3 Unarmed Combat
 + Level 2.2 Spellcasting
 + Level 2.2 Transmutations


You had 4 spell levels left.
You knew the following spells:

 Your Spells              Type           Power        Failure   Level  Hunger
a - Beastly Appendage     Tmut           #.....       10%         1    ##.....

Your spell library contained the following spells:

 Spells                   Type           Power        Failure   Level  Hunger
 Sticks to Snakes         Tmut           #.......     16%         2    ###....
 Spider Form              Tmut/Pois      #.........   43%         3    ####...
 Ice Form                 Ice/Tmut       #.......     83%         4    #####..
 Blade Hands              Tmut           #.........   95%         5    ######.


Dungeon Overview and Level Annotations

Branches:
Dungeon (1/15)

Altars:


Innate Abilities, Weirdness & Mutations

You have extremely sharp teeth.
When hurt, damage is shared between your health and your magic reserves.
Your bite disrupts and absorbs the magic of your enemies.
Potions cannot restore your health.
You are immune to rotting.
You have claws for feet.


Message History

The gnoll shouts! x2
As you read the scroll labeled MELI GIEMOIC, it crumbles to dust.
The scroll dissolves into smoke.
It was a scroll of fog.
As you read the scroll labeled GUT IBITZE, it crumbles to dust.
It is a scroll of identify.
You don't have any unidentified items.
The adder skeleton barely misses you. The gnoll hits you with a +0 whip.
The adder skeleton misses you. The worm bites you.
Casting: Beastly Appendage (safe; 10% risk of failure)
Confirm with . or Enter, or press ? or * to list all spells.
Your feet morph into talons.
The gnoll misses you. The adder skeleton misses you.
The gnoll hits you with a +0 whip!
Ouch! That really hurt!
The gnoll hits you from afar with a +0 spear.
* * * LOW HITPOINT WARNING * * *
The adder skeleton bites you.
* * * LOW HITPOINT WARNING * * *
The gnoll hits you from afar with a +0 spear.
You die...

### .. . #.#
.#
####.###.###
#..........#
#..........#
#.§g§..g...#
#@w§§§.....#
#§Z§§§.....#
#§gg§§.g...#
#§§§§§§....#
####§§§.####
#.§..#
#....#
#....#
######


You could see a worm, 3 gnolls and an adder skeleton.

Vanquished Creatures
  A worm (D:2)
  2 giant cockroaches
  2 goblins (D:1)
  A bat (D:1)
  A frilled lizard (D:1)
  A kobold (D:1)
  A rat (D:2)
9 creatures vanquished.

Notes
Turn   | Place    | Note
-------+----------+-------------------------------------------
     0 | D:1      | Descartes the Vine Stalker Transmuter began the quest for
                  | the Orb.
     0 | D:1      | Reached XP level 1. HP: 9/9 MP: 4/4
   308 | D:1      | You fall into a shaft and drop 1 floor!
   313 | D:2      | Reached XP level 2. HP: 14/14 MP: 6/6
   387 | D:2      | You fall into a shaft and drop 2 floors!
   397 | D:4      | Slain by a gnoll

Levels and vault maps discovered:
D:1:      dpeg_arrival_short_road, layout_basic, kennysheep_minor_cross
D:2:      layout_basic, nicolae_dithmenos_through_a_glass_darkly, first_ration
D:4:      layout_basic, uniq_grinder, uniq_menkaure

Action                   || total
-------------------------++-------
Melee: Unarmed           ||    34
       Bite              ||     8
       Punch             ||     1
 Cast: Beastly Appendage ||     1
  Use: Scroll            ||     2
Armor: Robe              ||     2
Dodge: Dodged            ||    28
